[Event "Late-Titled-Tuesday-Blitz-December-26-2023"]
[Site "Chess.com"]
[Date "2023.12.26"]
[Round "6"]
[White "Alexander_Khlebovich"]
[Black "GP9isback23"]
[Result "1-0"]
[WhiteElo "2774"]
[BlackElo "2634"]
[TimeControl "180+1"]
[EndTime "15:07:41 PST"]
[Termination "Alexander_Khlebovich won by resignation"]

1. d4 Nf6 2. c4 e6 3. Nf3 b6 4. g3 Bb7 5. Bg2 Be7 6. O-O O-O 7. Nc3 Ne4 8. Qc2 Nxc3 9. Qxc3 f5 10. b3 Bf6 11. Bb2 d6 12. Qd2 Nd7 13. Rad1 Qe7 14. Ne1 Bxg2 15. Nxg2 a5 16. Nf4 Bg5 17. Qe3 Rae8 18.
Qf3 Bh6 19. Rfe1 Bxf4 20. Qxf4 e5 21. dxe5 Nxe5 22. Rd5 Ng6 23. Qd2 f4 24. Rd3 Qe6 25. Rf3 Re7 26. Qd5 Rf5 27. Qxe6+ Rxe6 28. Kf1 Rf8 29. Rd1 Rfe8 30. Rd2 Re4 31. Rfd3 R4e7 32. a3 Re4 33. Rd4 Rxd4 34. Bxd4 fxg3 35. hxg3 Kf7 36. b4 axb4 37. axb4 Nf8 38. c5 bxc5 39. bxc5 Ne6 40. cxd6 cxd6 41. Be3 Rd8 42. f4 g6 43. g4 Rd7 44.
Kf2 Kf6 45. Kf3 h5 46. gxh5 gxh5 47. Bf2 d5 48. Bh4+ Kf5 49. Rxd5+ Rxd5 50. e4+ Kg6 51. exd5 Nc5 52. Be7 Nd7 53. Ke4 Kf7 54. Bh4 Kg6 55.
f5+ Kf7 56. d6 Nc5+ 57. Kd5 Nd7 58. Kc6 Ke8 59. f6 Ne5+ 60. Kc7 Kf7 61. d7 Nxd7 62. Kxd7 Kg6 63. Ke6 Kh7 64. f7 1-0

[Event "Late-Titled-Tuesday-Blitz-December-26-2023"]
[Site "Chess.com"]
[Date "2023.12.26"]
[Round "6"]
[White "Marcin"]
[Black "Slovafn"]
[Result "1-0"]
[WhiteElo "2463"]
[BlackElo "2321"]
[TimeControl "180+1"]
[EndTime "15:07:41 PST"]
[Termination "Marcin won on time"]

1. e4 c5 2. c3 d5 3. exd5 Qxd5 4. d4 g6 5. Nf3 Bg7 6. Bd3 Bg4 7.
dxc5 Qxc5 8. h3 Bxf3 9. Qxf3 Nc6 10. O-O Nf6 11. Be3 Qa5 12. b4 Qc7 13. Na3 O-O 14.
Nb5 Qd8 15. Rad1 Ne5 16. Qe2 Nxd3 17. Qxd3 Qxd3 18. Rxd3 a6 19. Nc7 Rac8 20. Bb6 Ne4 21. c4 Nd6 22. c5 Nc4 23. Nd5 Rfe8 24. Re1 e6 25. Nc7 Re7 26. Re4 Ne5 27. Rd6 Nc6 28.
Nd5 exd5 29. Rxc6 Rxc6 30. Rxe7 Bc3 31. a3 d4 32. Rd7 Bb2 33. Bd8 Re6 34. Bg5 Re1+ 35.
Kh2 Kg7 36. Rxb7 Bxa3 37. c6 Re6 38. c7 Rc6 39. Bf4 d3 40. Rb6 Rc4 41. Rxa6 Bxb4 42.
Ra4 d2 43. Bxd2 Bd6+ 44. g3 Rxc7 45. Rd4 Be5 46. Re4 Bf6 47. Be3 Rc2 48. h4 h5 49.
Kg2 Rb2 50. Kf3 Rc2 51. Ra4 Rb2 52. Ra6 Rc2 53. Rc6 Be5 54. Rxc2 1-0

[Event "Late-Titled-Tuesday-Blitz-December-26-2023"]
[Site "Chess.com"]
[Date "2023.12.26"]
[Round "6"]
[White "MPCandelario"]
[Black "thesupera12"]
[Result "1-0"]
[WhiteElo "2653"]
[BlackElo "2399"]
[TimeControl "180+1"]
[EndTime "15:07:44 PST"]
[Termination "MPCandelario won on time"]

1. e4 c5 2. Nf3 e6 3. d4 cxd4 4. Nxd4 Qb6 5. Nb3 Qc7 6. Nc3 Nf6 7. Be2 Bb4 8. Bd2 O-O 9. Bd3 Nc6 10. O-O d5 11.
exd5 exd5 12. Nb5 Qe5 13. Re1 Qb8 14. Bxb4 Nxb4 15. c3 Nc6 16. N5d4 Bg4 17. Be2 Bd7 18. Nc5 Qc7 19. Nxc6 Bxc6 20. Qd4 Rfe8 21. Bf3 b6 22. Nd3 Qd7 23. Ne5 Qd6 24. Nxc6 Qxc6 25. c4 Qa4 26. h3 Rxe1+ 27. Rxe1 Rd8 28. Rd1 Qxa2 29. cxd5 Rd6 30. Qe5 Rd8 31. d6 h6 32. Qe7 Rd7 33. Qe5 Qb3 34.
Rd2 a5 35. Bc6 Rd8 36. d7 Qc4 37. Qd6 Ne4 38. Bxe4 Qxe4 39. Kh2 Qf5 40. g3 Qf6 41. Qc7 Kh7 42. Kg2 g6 43. Qb7 Qe6 44. h4 a4 45. Qc7 Qf6 46. Qa7 b5 47. Qc7 h5 48.
Re2 b4 49. Re8 a3 50. bxa3 bxa3 51. Qxd8 Qc6+ 52. Kh2 Qc3 53. Qa8 a2 54. Qxa2 1-0

[Event "Late-Titled-Tuesday-Blitz-December-26-2023"]
[Site "Chess.com"]
[Date "2023.12.26"]
[Round "6"]
[White "pedromartinez91"]
[Black "mbojan"]
[Result "0-1"]
[WhiteElo "2552"]
[BlackElo "2889"]
[TimeControl "180+1"]
[EndTime "15:07:45 PST"]
[Termination "mbojan won on time"]

1. Nf3 Nf6 2. g3 g6 3. Bg2 Bg7 4. O-O O-O 5. d3 d6 6. e4 c5 7.
Nbd2 Nc6 8. Nc4 b5 9. e5 bxc4 10. exf6 Bxf6 11. dxc4 Rb8 12. c3 Re8 13. Ng5 Bb7 14.
Ne4 Bg7 15. h4 Ne5 16. h5 Nxc4 17. hxg6 hxg6 18. Qg4 Nxb2 19. Rb1 Nd3 20. Rxb7 Rxb7 21. Ng5 d5 22. c4 e6 23. Be3 Rd7 24. Qh4 dxc4 25. Qh7+ Kf8 26. Bc6 c3 27. Ne4 c2 28.
Bh6 Bxh6 29. Qh8+ Ke7 30. Qf6+ Kf8 31. Qh8+ Ke7 32. Qxh6 Rd5 33. Qh4+ g5 34. Nxg5 Rxg5 35. Qxg5+ Kd6 36. Bg2 c1=Q 37. Rxc1 Nxc1 38. Qxc1 Qf6 39. Qa3 Qd4 40. Qxa7 Ke5 41. Qc7+ Kf6 42. Bf3 Rd8 43.
Kg2 Qd6 44. Qb7 Qd4 45. Qc7 Kg7 46. Qb7 Rd7 47. Qc8 c4 48. Qc6 c3 49. Be4 Rd6 50.
Qb7 Qc5 51. Qb3 Rd7 52. Qc2 Rc7 53. Qe2 Qg5 54. Qc2 Qd2 55. Qb3 c2 0-1

[Event "Late-Titled-Tuesday-Blitz-December-26-2023"]
[Site "Chess.com"]
[Date "2023.12.26"]
[Round "6"]
[White "Jesusesmifuerza"]
[Black "NovakRatko"]
[Result "1-0"]
[WhiteElo "2214"]
[BlackElo "2418"]
[TimeControl "180+1"]
[EndTime "15:07:47 PST"]
[Termination "Jesusesmifuerza won by resignation"]

1. e4 d5 2. exd5 c6 3. d4 cxd5 4. Nc3 Nc6 5. Bf4 f6 6. Nb5 e5 7. dxe5 fxe5 8. Bg3 a6 9. Nc3 d4 10. Ne4 Nf6 11. Bd3 Nxe4 12. Bxe4 Bb4+ 13. Kf1 O-O 14. Nf3 Bg4 15. h3 Bh5 16. c3 Bc5 17. Qb3+ Rf7 18. Bd5 Na5 19. Bxf7+ Bxf7 20. Qd1 dxc3 21.
Qxd8+ Rxd8 22. bxc3 e4 23. Ne5 Be6 24. Kg1 Rd2 25.
Kh2 Bxf2 26. Rhd1 Bxg3+ 27. Kxg3 Rxd1 28. Rxd1 g6 29. Rd8+ Kg7 30. Kf4 Bxa2 31. Kxe4 Be6 32. Rd6 Kf6 33. g4 Ke7 34. Rd2 Nb3 35. Rf2 a5 36. c4 a4 37. Ra2 Nc5+ 38. Kd4 b6 39. Nc6+ Kd6 40. Nb4 b5 41. Rf2 Bxc4 42. Rf6+ Ne6+ 43.
Kc3 Ke7 44. Rf2 Kd7 45. Rf7+ Kd6 46. Rxh7 a3 47. Ra7 Kc5 48. Rxa3 Nd4 49. Nd3+ Kd5 50. Ra7 Ne2+ 51. Kd2 Ng1 52. Rd7+ Kc6 53. Ne5+ Kc5 54. Nxc4 bxc4 55. Rg7 Nf3+ 56. Ke3 Ne5 57. Ke4 Nc6 58. Rxg6 c3 59. Rxc6+ Kxc6 60. Kd3 c2 61. Kxc2 Kd5 62. Kd3 Ke5 63. Ke3 Ke6 64. Kf3 1-0

[Event "Late-Titled-Tuesday-Blitz-December-26-2023"]
[Site "Chess.com"]
[Date "2023.12.26"]
[Round "6"]
[White "severomorskij"]
[Black "Msb2"]
[Result "1/2-1/2"]
[WhiteElo "2900"]
[BlackElo "3005"]
[TimeControl "180+1"]
[EndTime "15:07:54 PST"]
[Termination "Game drawn - insufficient material"]

1. d4 d5 2. c4 e6 3. Nc3 Bb4 4. Nf3 Nf6 5. Bg5 h6 6. Bxf6 Qxf6 7. e3 c5 8. cxd5 exd5 9. Bb5+ Bd7 10. Bxd7+ Nxd7 11.
O-O Bxc3 12. bxc3 O-O 13. Qb3 Qc6 14. Rab1 Rab8 15. a4 Rfc8 16. h3 a6 17. Rfd1 c4 18.
Qa3 b5 19. axb5 axb5 20. Qb4 Rb7 21. Ra1 Nb8 22. Ne5 Qb6 23. Ra8 f6 24. Ng6 Qd8 25.
Rda1 Kh7 26. Qb1 Kg8 27. Qf5 b4 28. cxb4 c3 29. Rc1 Qd7 30. Qxd7 Rxd7 31. Nf4 Kh7 32. Kf1 Rdd8 33. Ke2 g5 34. Ne6 Re8 35. Nc5 Nc6 36. Rxc8 Rxc8 37. b5 Na5 38. Rxc3 Rb8 39. Nd7 Rxb5 40.
Nxf6+ Kg6 41. Ng4 Rb2+ 42. Kf3 Nc4 43. Ne5+ Nxe5+ 44. dxe5 Kf5 45. Rc6 h5 46. e6 Rb7 47.
g4+ hxg4+ 48. hxg4+ Ke5 49. Ra6 Re7 50. Kg3 Ke4 51. Rd6 Ke5 52. Rb6 Ke4 53. Ra6 Ke5 54. Rc6 Ke4 55. Ra6 Re8 56. f4 d4 57. exd4 gxf4+ 58. Kf2 Kxd4 59. Kf3 Ke5 60. g5 Kf5 61. Ra5+ Kxe6 62. Kxf4 Kf7 63. Ra7+ Kg8 64. Kf5 Rd8 65. Kg6 Rd6+ 66. Kh5 Rd8 67. Rb7 Ra8 68. Kh6 Rc8 69. g6 Ra8 70. Rg7+ Kh8 71. Rh7+ Kg8 72. Rg7+ Kh8 73. Re7 Kg8 74. Rh7 Rb8 75. Rg7+ Kh8 76. Rf7 Kg8 77. Rf6 Ra8 78. g7 Rb8 79. Kg6 Rc8 80. Rf8+ Rxf8 81. gxf8=Q+ Kxf8 1/2-1/2

[Event "Late-Titled-Tuesday-Blitz-December-26-2023"]
[Site "Chess.com"]
[Date "2023.12.26"]
[Round "6"]
[White "Maect19"]
[Black "almaguerjm"]
[Result "1/2-1/2"]
[WhiteElo "2358"]
[BlackElo "2479"]
[TimeControl "180+1"]
[EndTime "15:07:54 PST"]
[Termination "Game drawn - insufficient material"]

1. Nf3 d5 2. e3 e6 3. c4 Nf6 4. Nc3 Nbd7 5. b3 Bb4 6. Bb2 O-O 7.
Be2 c5 8. O-O Re8 9. a3 Ba5 10.
Qc2 Bb6 11. Na4 Qc7 12. Rac1 dxc4 13. Nxb6 Nxb6 14. bxc4 Bd7 15. Ne5 Ba4 16. Qc3 Bc6 17. Nxc6 Qxc6 18. Bf3 Qc7 19. Qb3 Rad8 20. Rfd1 e5 21. h3 e4 22. Be2 Qc6 23. d4 h6 24.
d5 Qd6 25. a4 Nbd7 26. Bc3 b6 27. a5 Ra8 28. Ra1 Reb8 29. axb6 Rxb6 30. Qc2 Ne5 31. Rdb1 Rab8 32. Rxb6 axb6 33. Ra6 Ned7 34. Qb1 Qf8 35. Bxf6 gxf6 36. Bg4 Ne5 37. Qxe4 Kg7 38. f4 Ng6 39. Ra3 Qd6 40. Qf3 b5 41. cxb5 Rxb5 42. e4 Nxf4 43. Bf5 Rb1+ 44. Kh2 Ne2+ 45. g3 Rb2 46. Qg4+ Kf8 47.
Ra8+ Ke7 48. Ra7+ Kf8 49. Ra8+ Rb8 50. Rxb8+ Qxb8 51. Qxe2 Qb3 52. d6 Qb6 53. d7 Ke7 54. Qd2 c4 55. h4 Qc7 56. d8=Q+ Qxd8 57. Qxd8+ Kxd8 58. e5 fxe5 59. g4 Ke7 60. g5 hxg5 61. hxg5 Kd6 62. Kg3 Kd5 63. Kf3 Kd4 64. Ke2 e4 65.
Kd2 Ke5 66. Bh7 Kf4 67. g6 e3+ 68. Ke2 fxg6 69. Bxg6 Kg5 70. Bc2 Kf4 71. Bb1 c3 72.
Bc2 Ke5 73. Kxe3 Kd5 74. Kd3 Kc5 75. Kxc3 1/2-1/2

[Event "Late-Titled-Tuesday-Blitz-December-26-2023"]
[Site "Chess.com"]
[Date "2023.12.26"]
[Round "6"]
[White "Dedic8"]
[Black "bazar-wokzal"]
[Result "1-0"]
[WhiteElo "2847"]
[BlackElo "2648"]
[TimeControl "180+1"]
[EndTime "15:07:58 PST"]
[Termination "Dedic8 won by resignation"]

1. d4 Nf6 2. c4 Nc6 3. Nf3 e6 4. g3 Bb4+ 5. Nbd2 a5 6. Bg2 d6 7. O-O e5 8. a3 Bxd2 9. Qxd2 Bg4 10. dxe5 dxe5 11. Qc3 O-O 12. Be3 Qe7 13. h3 Bh5 14.
b4 axb4 15. axb4 Rxa1 16. Rxa1 Qxb4 17. Qxb4 Nxb4 18. Bc5 Na6 19. Bxf8 Kxf8 20. Nxe5 Bxe2 21. Bxb7 Nc5 22. Ra8+ Ke7 23. Nc6+ Kd6 24. Rd8+ Nfd7 25. Na5 Ke7 26. Rc8 Nxb7 27. Nxb7 Bxc4 28. Rxc7 Be6 29.
Nc5 Kd6 30. Nxe6 Kxe6 31. Kg2 h5 32. Ra7 g6 33. Kf3 Nf6 34. Kf4 Nd5+ 35. Kg5 Nc3 36.
Ra6+ Ke7 37. Kh6 Ne4 38. Ra2 Kf6 39. Re2 Nd6 40. g4 hxg4 41. hxg4 g5 42. f3 Nc4 43. Re4 Nd2 44. Re3 Nc4 45. Rb3 Nd2 46. Rd3 Nc4 47.
Kh5 Ne5 48. Ra3 Nc4 49. Ra6+ Kg7 50. Kxg5 Ne5 51. f4 Nf3+ 52. Kf5 Nh4+ 53. Ke4 Ng6 54. f5 Nf8 55. g5 Nd7 56. Ra7 Nc5+ 57. Kd5 Nd3 58.
g6 Nf4+ 59. Ke4 1-0

[Event "Late-Titled-Tuesday-Blitz-December-26-2023"]
[Site "Chess.com"]
[Date "2023.12.26"]
[Round "6"]
[White "Fradi82"]
[Black "ZuraTqebuchava"]
[Result "1-0"]
[WhiteElo "2317"]
[BlackElo "2170"]
[TimeControl "180+1"]
[EndTime "15:08:03 PST"]
[Termination "Fradi82 won on time"]

1. e4 e5 2. d4 d6 3. Nf3 exd4 4. Nxd4 Nc6 5. Nc3 Nf6 6. Bg5 Be7 7. Qd2 h6 8. Bh4 Nxe4 9. Nxe4 Bxh4 10. O-O-O Nxd4 11. Qxd4 O-O 12. Bc4 Bf5 13. g3 Be7 14. g4 Be6 15. f4 Bxc4 16. Qxc4 c6 17. Qd3 d5 18. Ng3 Bd6 19. Kb1 Bxf4 20. Nh5 Qg5 21. Rhf1 Bd6 22. h3 a5 23. Rf5 Qh4 24. Qd4 f6 25. Rdf1 Be5 26.
Qe3 Rae8 27. Qd2 a4 28. a3 Bd6 29. Nxg7 Kxg7 30. Rh5 Qg5 31. Rxg5+ hxg5 32. Rf5 Re5 33. Ka2 Rxf5 34. gxf5 Re8 35. Qd3 Re4 36. Qf3 Rf4 37.
Qc3 Rxf5 38. Qd4 Re5 39. Qxa4 Kg6 40. Qa7 Kg7 41. Qxb7+ Re7 42. Qxc6 Be5 43. Qxd5 Rf7 44. Qf3 Rb7 45. b3 Rc7 46. c4 Rd7 47. Qe3 Rd1 48. b4 Ra1+ 49. Kb3 Rb1+ 50. Ka4 Rd1 51. c5 Rd8 52.
Qe4 Rd7 53. b5 Re7 54. Qd5 Rf7 55. c6 Ra7+ 56. Kb3 Re7 57. b6 Bf4 58. b7 Re3+ 59.
Kc4 Re2 60. Qd7+ Kg6 61. Qd3+ Kg7 62. Qxe2 1-0

[Event "Late-Titled-Tuesday-Blitz-December-26-2023"]
[Site "Chess.com"]
[Date "2023.12.26"]
[Round "6"]
[White "Kildepiotr"]
[Black "jactorres"]
[Result "1-0"]
[WhiteElo "2677"]
[BlackElo "2504"]
[TimeControl "180+1"]
[EndTime "15:08:05 PST"]
[Termination "Kildepiotr won by resignation"]

1. Nf3 Nf6 2. g3 b5 3. Bg2 Bb7 4. O-O e6 5. d3 Be7 6. e4 d6 7.
a4 b4 8. b3 O-O 9. Bb2 c5 10.
Nbd2 Nbd7 11. Ne1 a5 12. e5 Nd5 13. exd6 Bxd6 14. Nc4 Be7 15. Nf3 Bf6 16. Nfe5 Nxe5 17.
Nxe5 Qc7 18. Qe2 Rad8 19. f4 g6 20. Rae1 Bg7 21. Ba1 Rfe8 22. Nc4 Nc3 23. Bxc3 Bxg2 24. Qxg2 Bxc3 25. Re4 Rd4 26. Kh1 Red8 27. Rf2 Rxe4 28. Qxe4 Kg7 29. Re2 h5 30. Kg2 Bd4 31. Qf3 Bc3 32.
h3 Bd4 33. Nd2 Rd5 34. Ne4 Rf5 35. Ng5 h4 36. Re4 hxg3 37. h4 Bf6 38. Qxg3 e5 39.
fxe5 Bxg5 40. hxg5 Qe7 41. Qe3 Rxg5+ 42. Kf2 Rf5+ 43.
Ke2 Qf8 44. e6 fxe6 45. Rxe6 Rf6 46. Rxf6 Qxf6 47. Qxc5 Qe6+ 48. Kd2 Qf6 49. Qxa5 Qc3+ 50. Kd1 Qa1+ 51. Ke2 Qc3 52. Qa7+ Kg8 53. Qb8+ Kg7 54. Qb7+ Kh6 55. Qh1+ Kg7 56. Qd1 g5 57. Qd2 Qd4 58.
Qxg5+ Kf7 59. Qf5+ Kg7 60. Qe4 Qc3 61. d4 Kf7 62. Qf3+ 1-0

[Event "Late-Titled-Tuesday-Blitz-December-26-2023"]
[Site "Chess.com"]
[Date "2023.12.26"]
[Round "6"]
[White "WPWPWP-2015"]
[Black "PawnStorn"]
[Result "1-0"]
[WhiteElo "2586"]
[BlackElo "2390"]
[TimeControl "180+1"]
[EndTime "15:08:08 PST"]
[Termination "WPWPWP-2015 won by checkmate"]

1. e4 e6 2. d4 b6 3. Nf3 Bb7 4. Bd3 c5 5. O-O cxd4 6. Nxd4 Nc6 7. Be3 Nf6 8. Nd2 h5 9. h3 Qc7 10. Nxc6 Bxc6 11. f4 Qb7 12. Qf3 d5 13. exd5 Bxd5 14. Bb5+ Nd7 15. Qf2 O-O-O 16. Nf3 Nc5 17. Qe2 Kb8 18.
Ne5 Bd6 19. a4 Rh6 20. a5 Bxe5 21. axb6 axb6 22. Bxc5 bxc5 23. fxe5 Bxg2 24. Ba6 Bxf1 25. Rxf1 Qb6 26. Rxf7 Rg6+ 27. Kh2 Qa5 28. Bd3 Qa1 29. Bxg6 Rd1 30. Rf8+ Kc7 31. Rf7+ Kc8 32. Rf8+ Kc7 33. Rf2 Rh1+ 34. Kg3 Re1 35. Qd3 Rg1+ 36. Kh2 Rh1+ 37.
Kg3 Rg1+ 38. Kh4 Qe1 39. Qd6+ Kb7 40. Qd7+ Kb6 41. Qd6+ Kb7 42. Qd7+ Ka6 43. Qxe6+ Ka5 44.
Qa2+ Kb6 45. Qb3+ Ka5 46. Qc3+ Qxc3 47. bxc3 Rxg6 48. Kxh5 Rh6+ 49. Kg4 Re6 50. Re2 g6 51. h4 Kb5 52. h5 gxh5+ 53. Kf5 Re8 54. e6 Kc6 55. Kf6 Rf8+ 56. Kg7 Ra8 57. e7 h4 58. e8=Q+ Rxe8 59. Rxe8 h3 60. Rh8 Kb5 61. Rxh3 Kc4 62. Rg3 Kd5 63. Kf6 Ke4 64. Ke6 c4 65. Kf6 Kf4 66. Rh3 Ke4 67. Kg5 Kd5 68. Kf5 Kc5 69.
Ke5 Kb5 70. Kd5 Ka4 71. Kxc4 Ka3 72. Rh5 Ka4 73. Rg5 Ka3 74. Kd3 Kb2 75. Rb5+ Kc1 76. Rb6 Kd1 77. Rb1# 1-0

[Event "Late-Titled-Tuesday-Blitz-December-26-2023"]
[Site "Chess.com"]
[Date "2023.12.26"]
[Round "6"]
[White "gxbg2000"]
[Black "KorolDimitriy75"]
[Result "0-1"]
[WhiteElo "1995"]
[BlackElo "2342"]
[TimeControl "180+1"]
[EndTime "15:08:09 PST"]
[Termination "KorolDimitriy75 won by resignation"]

1. e4 c5 2. Nf3 d6 3. d4 cxd4 4. Nxd4 Nf6 5. Bd3 g6 6. O-O Bg7 7. c3 O-O 8. Bg5 Nc6 9. Nxc6 bxc6 10. Qe2 Rb8 11. Na3 Qa5 12. Bh4 Be6 13. Nc4 Qc7 14.
b3 Rfe8 15. Rac1 Qb7 16. Bg3 Rbd8 17. Kh1 d5 18. exd5 cxd5 19. Ne5 Nd7 20. h3 Nxe5 21. Bxe5 f6 22. Bg3 Bf7 23. f4 e5 24. fxe5 fxe5 25.
Bb5 Rf8 26. Bxe5 Bxe5 27. Qxe5 Qxb5 28. Rf3 Rde8 29. Qg5 Qe2 30. Rcf1 Qe5 31. Qh6 Qg7 32. Qg5 Be6 33. Rxf8+ Rxf8 34. Rxf8+ Qxf8 35. Qe5 Qf7 36. Kh2 Qd7 37. b4 Bf5 38. a4 Be4 39. c4 Qf5 40.
Qb8+ Qf8 41. Qe5 Qf7 42. Qb8+ Qf8 43. Qe5 Qf2 44. Qe6+ Kg7 45. Qe7+ Kh6 46. Qh4+ Qxh4 47. g3 Qf6 48. h4 Qf2+ 49. Kh3 Bg2+ 50. Kg4 Qxg3+ 51.
Kxg3 Be4 52. cxd5 Bxd5 53. Kf4 Kg7 54. Ke5 Bg2 55. b5 h6 56. a5 Bf1 57. b6 axb6 58.
axb6 Bg2 59. Kf4 Bb7 60. Kg4 Kf6 61. Kf4 g5+ 62. hxg5+ hxg5+ 63. Kg4 Kg6 64. Kh3 Kf5 65. Kg3 g4 66. Kh4 Kf4 67. Kh5 g3 0-1

[Event "Late-Titled-Tuesday-Blitz-December-26-2023"]
[Site "Chess.com"]
[Date "2023.12.26"]
[Round "6"]
[White "Tunahan_Makaraci"]
[Black "IgorBjelobrk"]
[Result "0-1"]
[WhiteElo "2503"]
[BlackElo "2672"]
[TimeControl "180+1"]
[EndTime "15:08:14 PST"]
[Termination "IgorBjelobrk won on time"]

1. e4 e6 2. d4 d5 3. Nc3 Bb4 4. Ne2 dxe4 5. a3 Bxc3+ 6. Nxc3 Nc6 7. Bf4 Nf6 8. Bb5 O-O 9. Bxc6 bxc6 10. Qd2 Nd5 11.
Nxe4 Nxf4 12. Qxf4 Qxd4 13. c3 e5 14. cxd4 exf4 15.
O-O Be6 16. Rac1 Rfd8 17. Rfd1 h6 18. f3 Bd5 19. Nc3 Bb3 20. Rd2 Rab8 21. h4 a5 22. Ne2 g5 23. hxg5 hxg5 24. Rxc6 Rb7 25. Rc5 Rd5 26. Nc3 Rxc5 27. dxc5 Kg7 28. Ne4 Kg6 29. Kf2 Be6 30. Nc3 Rb3 31. Ke2 Kf5 32. Kd1 Ke5 33. Kc1 Rb8 34. Re2+ Kd4 35. c6 Rb6 36. Re4+ Kd3 37. Re5 g4 38. Rxa5 g3 39.
Ra4 Ke3 40. Re4+ Kf2 41. Rxf4 Kxg2 42. Ne4 Rxc6+ 43. Kd2 f5 44. Ng5 Bc8 45. Rh4 Rd6+ 46. Ke3 Rd1 47. Nh3 Re1+ 48. Kd2 Kf1 49. Nf4 Re8 50. Rh1+ Kf2 51. Nd3+ Kxf3 52. Rf1+ Kg4 53. Rf4+ Kg5 54. Rf3 Kg4 55. Rf4+ Kh3 56. Rf3 Rd8 57. Kc3 Kg4 58. Rf4+ Kg5 59. Rf3 Kg4 60. Rf4+ Kh3 61. Rf3 Kg2 62. Rf4 Re8 63. Kd2 Re4 0-1

[Event "Late-Titled-Tuesday-Blitz-December-26-2023"]
[Site "Chess.com"]
[Date "2023.12.26"]
[Round "6"]
[White "GMKrikor"]
[Black "CuteSheepCloud"]
[Result "1-0"]
[WhiteElo "2813"]
[BlackElo "2645"]
[TimeControl "180+1"]
[EndTime "15:08:19 PST"]
[Termination "GMKrikor won by resignation"]

1. Nf3 Nf6 2. c4 e6 3. Nc3 d5 4. cxd5 exd5 5. d4 c6 6. Bf4 Bd6 7. Bxd6 Qxd6 8. e3 O-O 9. Qb3 b6 10. Bd3 Ba6 11. Bxa6 Nxa6 12. O-O Nc7 13. Rac1 Rac8 14.
Rfd1 Ne6 15. h3 h6 16. a4 Rc7 17. a5 Rb8 18. Ne5 Nd7 19. Nd3 bxa5 20. Qa2 Nb6 21.
Qxa5 Nc4 22. Qa2 Rcb7 23. Na4 Ng5 24. Rxc4 dxc4 25. Qxc4 Qg6 26. Kh1 Ne4 27. Kg1 Qh5 28.
Qc2 Rb5 29. Nf4 Qf5 30. f3 Ng3 31. Qf2 Nh5 32. Nd3 Nf6 33. Nac5 Qc8 34. e4 Nd7 35. Na4 Rb3 36. Nc3 a5 37. Ra1 Qa6 38. Qc2 Qb6 39. Qf2 Nf6 40. Kh1 Rd8 41. Ra4 Nd7 42. Qc2 Nf8 43. Ne2 Ne6 44. Rc4 Rb5 45.
Rxc6 Qa7 46. d5 Nd4 47. Nxd4 Qxd4 48. Rc4 Qe3 49. Rc3 Qb6 50. Rc6 Qb8 51. Rc4 Rb7 52. Qc3 Rb3 53. Qd4 Rc8 54. Rxc8+ Qxc8 55. d6 Qa6 56. d7 Rb8 57. d8=Q+ Rxd8 58. Qxd8+ Kh7 59.
Qd4 Qb5 60. Qc3 a4 61. Qc2 g6 62. Nc5 Qf1+ 63. Kh2 Qb5 64. Nxa4 Qe5+ 65. Kg1 Qd4+ 66. Kf1 Qe5 67. Nc3 Qh2 68. Ne2 Qh1+ 69. Ng1 Qh2 70. b4 Qe5 71. Qd2 Qb5+ 72. Ne2 Qa4 73.
Kf2 Qa7+ 74. Nd4 Qb7 75. b5 Qe7 76. Qb2 Qh4+ 77. Kf1 Qf4 78. b6 Qe3 79. b7 Qd3+ 80.
Ne2 Qd1+ 81. Kf2 1-0

[Event "Late-Titled-Tuesday-Blitz-December-26-2023"]
[Site "Chess.com"]
[Date "2023.12.26"]
[Round "6"]
[White "Veleamater"]
[Black "Slovak_fighter2000"]
[Result "0-1"]
[WhiteElo "2352"]
[BlackElo "2489"]
[TimeControl "180+1"]
[EndTime "15:08:26 PST"]
[Termination "Slovak_fighter2000 won by checkmate"]

1. g3 e5 2. Bg2 Nc6 3. d3 f5 4. Nf3 Nf6 5. O-O Bc5 6. Nc3 d6 7.
e4 O-O 8. exf5 Bxf5 9. Nh4 Bg4 10. Qd2 Qd7 11. Ne4 Bb6 12. Kh1 Bh3 13. f4 Nxe4 14.
dxe4 exf4 15. gxf4 Qg4 16. Bxh3 Qxh3 17. Ng2 Rae8 18. Qd3 Qxd3 19. cxd3 d5 20. e5 Nxe5 21. f5 Nxd3 22. h4 Nf2+ 23. Kh2 Rxf5 24. Bd2 Re2 25. Bf4 Nd3 26. Bg3 Rxf1 27. Rxf1 Bf2 28. Bxc7 Bxh4 29. Kh3 Bf6 30. Kg3 Rxb2 31. Rd1 Nc5 32. Rxd5 Ne4+ 33. Kh3 Nc3 34. Rd7 Rxa2 35. Ne3 Ra3 36.
Nf5 Nd5+ 37. Kg4 Nxc7 38. Rxc7 h6 39. Nd6 Kh7 40. Ne8 Kg6 41. Rxb7 Ra4+ 42. Kf3 Ra3+ 43. Ke4 h5 44. Nd6 h4 45. Rb8 h3 46. Rh8 a5 47.
Nf5 a4 48. Ne3 Rb3 49. Nc4 a3 50. Nd2 Rb4+ 51. Kf3 a2 52. Ra8 Rb2 53. Nf1 Rb3+ 54. Kg4 a1=Q 55. Rxa1 Bxa1 56. Nh2 Bf6 57. Nf1 Kf7 58. Nh2 Ke6 59. Nf1 Be5 60. Nd2 Rb4+ 61. Kf3 h2 62. Kg2 Rb2 63. Kh1 Bf4 64. Nf3 Rb1+ 65. Ne1 Rxe1+ 66. Kg2 h1=Q+ 67. Kf2 Qf1# 0-1

[Event "Late-Titled-Tuesday-Blitz-December-26-2023"]
[Site "Chess.com"]
[Date "2023.12.26"]
[Round "6"]
[White "ExchangeAB"]
[Black "IlanSchnaider"]
[Result "1/2-1/2"]
[WhiteElo "2503"]
[BlackElo "2671"]
[TimeControl "180+1"]
[EndTime "15:08:27 PST"]
[Termination "Game drawn by stalemate"]

1. Nf3 Nf6 2. g3 g6 3. Bg2 Bg7 4. O-O O-O 5. c4 d5 6. cxd5 Nxd5 7. Nc3 Nc6 8. a3 e5 9. d3 Nxc3 10. bxc3 e4 11. dxe4 Bxc3 12. Rb1 b6 13. Bh6 Bg7 14. Bxg7 Kxg7 15. Qc2 Bb7 16. Qc3+ Kg8 17. Rfc1 Qe7 18. Nd4 Nxd4 19. Qxd4 c5 20. Qc4 Rfe8 21. f3 Rad8 22. Rd1 Bc6 23. Kf2 Rxd1 24. Rxd1 Rd8 25. Rd3 h5 26. h4 Qf6 27. e5 Qe7 28. f4 Bxg2 29. Kxg2 Qb7+ 30. Kf2 Rxd3 31. exd3 Qd7 32. Ke3 Kf8 33.
Qe4 Qh3 34. Qa8+ Kg7 35. Qf3 Qh2 36. f5 Qg1+ 37. Kd2 gxf5 38. Qxf5 Qxg3 39. Qxh5 Qf4+ 40. Kc2 b5 41. Qe2 Qxh4 42. e6 Qa4+ 43. Kb2 Qd4+ 44. Kc2 Qa4+ 45. Kb2 Qd4+ 46. Kc2 fxe6 47. Qxe6 c4 48.
Qe7+ Kg6 49. Qe6+ Kg5 50. Qe7+ Kf5 51. Qf7+ Ke5 52. Qe7+ Kf4 53. Qf7+ Ke3 54. Qe6+ Kf3 55. Qf7+ Ke2 56. Qe6+ Kf1 57. Qf5+ Kg2 58. Qg6+ Kf3 59. Qf5+ Ke3 60. Qe6+ Kf4 61. Qf7+ Kg5 62. Qg8+ Kh6 63. Qf8+ Kh7 64. Qf7+ Kh6 65. Qe6+ Kg5 66. Qe7+ Qf6 67. Qxf6+ Kxf6 68. dxc4 bxc4 69. Kc3 Ke5 70. Kxc4 Kd6 71. Kb5 Kc7 72. Ka6 Kb8 73. a4 Ka8 74. Kb5 Kb8 75.
a5 Kb7 76. a6+ Kb8 77. Kc6 Kc8 78. Kd6 Kd8 79. Kc6 Kc8 80. Kd6 Kb8 81. Kc6 Ka8 82. Kd7 Kb8 83. Kd8 Ka8 84. Kc8 1/2-1/2

[Event "Late-Titled-Tuesday-Blitz-December-26-2023"]
[Site "Chess.com"]
[Date "2023.12.26"]
[Round "6"]
[White "kikoveiga"]
[Black "MightyGMpretender"]
[Result "1/2-1/2"]
[WhiteElo "2536"]
[BlackElo "2740"]
[TimeControl "180+1"]
[EndTime "15:08:30 PST"]
[Termination "Game drawn by repetition"]

1. c4 g6 2. d4 Bg7 3. Nf3 d6 4. g3 a6 5. Bg2 b5 6. b3 Bb7 7. O-O Nd7 8. Bb2 Ngf6 9. Nbd2 O-O 10. Qc2 c5 11. d5 a5 12. e4 Ba6 13. Rfe1 a4 14. e5 dxe5 15. Nxe5 Nxe5 16. Bxe5 Ra7 17. cxb5 Bxb5 18. Qxc5 Qa5 19. Nc4 Qa6 20. Qd4 Rd8 21. Rad1 Ne8 22. Bxg7 Nxg7 23. Qb6 Qxb6 24. Nxb6 axb3 25.
axb3 Nf5 26. Nc4 Kf8 27. Ne5 Ra3 28. Nc6 Rd7 29. b4 Rb3 30. Bh3 e6 31. Bxf5 gxf5 32. Nd4 Rxb4 33. Nxb5 Rxb5 34. dxe6 Rxd1 35. Rxd1 fxe6 36.
Rd7 Kg8 37. Kg2 Re5 38. h4 Re4 39. f3 Re2+ 40. Kh3 Re3 41. f4 Re2 42. h5 h6 43.
Re7 Kh8 44. Rf7 Kg8 45. Re7 Kh8 46. Rf7 Re1 47. Kg2 Kg8 48. Re7 Re4 49. Kf3 Re1 50. g4 Rf1+ 51. Kg3 Rg1+ 52. Kf3 fxg4+ 53. Kf2 Rh1 54.
Rxe6 Kh7 55. Kg3 Rg1+ 56. Kf2 Ra1 57. Rg6 Ra5 58. Kg3 Rxh5 59. Rb6 Rh1 60. Kxg4 Rg1+ 61. Kf5 Rg8 62. Rb7+ Rg7 63. Rxg7+ Kxg7 64. Ke6 Kf8 65.
Kf6 h5 66. Kg5 Kg7 67. Kxh5 Kf6 68. Kg4 Kg6 69. f5+ Kf6 70. Kf4 Kf7 71. Kg5 Kg7 72.
f6+ Kf7 73. Kf5 Kf8 74. Ke5 Kf7 75. Kf5 Kf8 76. Kg5 Kf7 77. Kf5 1/2-1/2